 Dungeon Crawl Stone Soup version 0.29.1-2-gbd0b4ee654 (webtiles) character file.

Game seed: 12698311541307383845

3716 shoresy the Cleaver (level 9, -14/82 HPs)
             Began as a Minotaur Fighter on Nov 1, 2022.
             Was a Follower of Trog.
             Demolished by a two-headed ogre
             ... wielding a +0 giant spiked club
              (22 damage)
             ... on level 8 of the Dungeon on Nov 3, 2022.
             The game lasted 00:52:04 (7216 turns).

shoresy the Cleaver (Minotaur Fighter)              Turns: 7216, Time: 00:52:06

Health: -14/82     AC: 14    Str: 25    XL:     9   Next: 91%
Magic:  8/8        EV:  9    Int:  5    God:    Trog [*.....]
Gold:   345        SH:  5    Dex: 10    Spells: 8/8 levels left

rFire   + . .      SeeInvis .   G - +0 war axe (flame)
rCold   x . .      Faith    .   c - +0 buckler
rNeg    . . .      Spirit   .   b - +0 scale mail
rPois   .          Reflect  .   (helmet restricted)
rElec   .          Harm     .   E - +2 cloak
rCorr   .          Rampage  .   (no gloves)
Will    .....                   r - +1 pair of boots
Stlth   ..........              i - amulet of regeneration
HPRegen 1.03/turn               h - ring of fire
MPRegen 0.11/turn               (no ring)

@: no status effects
A: horns 2, retaliatory headbutt
a: Renounce Religion, Berserk


You were on level 8 of the Dungeon.
You worshipped Trog.
Trog was aware of your devotion.
You visited 2 branches of the dungeon, and saw 9 of its levels.

You collected 345 gold pieces.

Inventory:

Hand Weapons
 G - a +0 war axe of flaming (weapon)
 H - a +4 flail
 I - a +2 battleaxe
Missiles
 a - a throwing net
 j - 46 stones (quivered)
Armour
 b - a +0 scale mail (worn)
 c - a +0 buckler (worn)
 r - a +1 pair of boots (worn)
 E - a +2 cloak (worn)
 K - +0 steam dragon scales
 O - +0 steam dragon scales
Magical Staves
 n - a staff of poison
 s - a staff of poison
Jewellery
 g - an amulet of reflection
 h - a ring of fire (left hand)
 i - an amulet of regeneration (around neck)
 k - a ring of magical power
 t - an amulet of guardian spirit
 J - a ring of magical power
Wands
 m - a wand of roots (16)
 w - a wand of flame (27)
 A - a wand of mindburst (4)
Scrolls
 e - 3 scrolls of amnesia {unknown}
 f - 3 scrolls of identify
 l - 3 scrolls of magic mapping {unknown}
 v - 2 scrolls of blinking {unknown}
 y - 4 scrolls of enchant weapon
 B - 4 scrolls of teleportation
 C - a scroll of poison {unknown}
 L - a scroll of fear {unknown}
 M - a scroll of fog {unknown}
 N - a scroll of vulnerability {unknown}
Potions
 d - 3 potions of might
 o - a potion of lignification {unknown}
 p - 5 potions of curing
 q - a potion of brilliance {unknown}
 u - 2 potions of heal wounds {unknown}
 x - 2 potions of flight {unknown}
 z - 2 potions of mutation {unknown}
 D - a potion of invisibility {unknown}
 F - 4 potions of degeneration {unknown}


   Skills:
 + Level 8.5 Fighting
 * Level 10.9 Axes
 + Level 8.5 Armour
 + Level 8.6 Shields


You had 8 spell levels left.
You didn't know any spells.
Your spell library contained the following spells:

 Spells                   Type           Power      Damage    Failure   Level
 Apportation              Tloc           0%         N/A       80%         1
 Beastly Appendage        Tmut           0%         N/A       80%         1
 Magic Dart               Conj           0%         1d3       80%         1
 Necrotise                Necr           0%         1d4       80%         1
 Summon Small Mammal      Summ           0%         N/A       80%         1
 Poisonous Vapours        Pois/Air       0%         N/A       91%         2
 Searing Ray              Conj           0%         2d4       91%         2
 Static Discharge         Conj/Air       0%         3-3/arc   91%         2
 Wereblood                Tmut           0%         N/A       91%         2
 Ozocubu's Armour         Ice            0%         N/A       99%         3
 Portal Projectile        Hex/Tloc       0%         N/A       99%         3
 Spider Form              Tmut/Pois      0%         N/A       99%         3
 Tukima's Dance           Hex            0%         N/A       99%         3
 Corpse Rot               Necr/Pois/Air  0%         N/A       100%        4
 Dispel Undead            Necr           0%         3d6       100%        4
 Fulminant Prism          Conj/Hex       0%         3d6       100%        4
 Sticky Flame             Conj/Fire      0%         2d3       100%        4
 Blade Hands              Tmut           0%         N/A       100%        5
 Ozocubu's Refrigeration  Ice            0%         4d7       100%        7


Dungeon Overview and Level Annotations

Branches:
Dungeon (8/15)             Temple (1/1) D:5
   Lair: D:8-11

Altars:
Dithmenos
Elyvilon
Fedhas
Hepliaklqana
Kikubaaqudgha
Nemelex Xobeh
Okawaru
Trog
Uskayaw
Vehumet
Wu Jian
Xom
Yredelemnul
Zin
The Shining One

Annotations:
D:7 2 transporters, Menkaure
D:8 Amaemon


Innate Abilities, Weirdness & Mutations

You have a pair of horns on your head.
You reflexively headbutt those who attack you in melee.


Message History

Amaemon claws you but does no damage. Amaemon barely misses you.
You hit Amaemon but do no damage.
Amaemon is moderately wounded.
You feel very sick.
Amaemon hits you with a +1 demon whip of venom.
You are more poisoned.
Amaemon barely misses you.
Amaemon tail-slaps you but does no damage.
Unknown command.
Unknown command.
Unknown command.
Unknown command.
Unknown command.
You hit Amaemon. You burn Amaemon.
Amaemon is moderately wounded.
You feel very sick.
A bullfrog comes into view.
Amaemon sings, "Eyes close, heart stop, nighty-night for you..."
Amaemon hits you with a +1 demon whip of venom!
You are more poisoned.
You block Amaemon's attack. Amaemon tail-slaps you.
You hit Amaemon but do no damage. Your headbutt misses Amaemon.
Amaemon is moderately wounded.
You hit the two-headed ogre. You burn the two-headed ogre.
You feel very sick.
The two-headed ogre hits you with a +0 giant spiked club!!
* * * LOW HITPOINT WARNING * * *
You block the two-headed ogre's attack. Amaemon barely misses you.
You furiously retaliate!
You headbutt Amaemon! You block Amaemon's attack.
Amaemon tail-slaps you but does no damage.
You hear a screech!
You feel better. You block Amaemon's attack.
Amaemon claws you but does no damage. Amaemon closely misses you.
Amaemon attacks as you move away! Amaemon barely misses you. x2
Amaemon tail-slaps you but does no damage.
The two-headed ogre attacks as you move away!
The two-headed ogre hits you with a +0 giant spiked club!
* * * LOW HITPOINT WARNING * * *
The two-headed ogre hits you with a +0 giant club!!
You die...

#.).# #.#.#
#...# ##..# #..#
#### #..# ...
#..#
#.###########..#
#F6@...........#
#.O....#######.#
.......####.#
#.# .######
#.#######.#
#.........#
###########


You could see Amaemon, a two-headed ogre and a bullfrog.

Vanquished Creatures
  Prince Ribbit (D:7)
  4 steam dragons
  A water moccasin (D:7)
  2 sky beasts (D:7)
  An ice beast (D:6)
  An orc warrior (D:7)
  4 black bears
  A phantom (D:4)
  A bullfrog (D:7)
  Blork the orc (D:6)
  A gnoll sergeant (D:6)
  4 scorpions
  5 wights (D:6)
  10 killer bees
  3 howler monkeys (D:7)
  2 orc priests (D:5)
  2 hounds
  6 iguanas
  2 gnoll boudas
  Terence (D:2)
  7 orc wizards
  Robin (D:2)
  14 gnolls
  5 adders
  A shadow imp (D:7)
  4 white imps
  An ufetubus (D:5)
  4 dart slugs
  14 orcs
  4 endoplasms
  6 giant cockroaches
  13 goblins
  9 hobgoblins
  3 jackals (D:5)
  4 quokkas
  4 ball pythons
  2 bats
  3 frilled lizards
  4 kobolds
  2 rats
158 creatures vanquished.

Vanquished Creatures (others)
  A bullfrog (D:7)
  20 fungi (D:6)
21 creatures vanquished.

Grand Total: 179 creatures vanquished

Notes
Turn   | Place    | Note
-------+----------+-------------------------------------------
     0 | D:1      | shoresy the Minotaur Fighter began the quest for the Orb.
     0 | D:1      | Reached XP level 1. HP: 19/19 MP: 0/0
   369 | D:1      | Reached XP level 2. HP: 27/27 MP: 1/1
   432 | D:1      | Found a faded altar of an unknown god.
  1053 | D:2      | Reached skill level 3 in Axes
  1053 | D:2      | Reached XP level 3. HP: 33/33 MP: 2/2
  1204 | D:2      | Noticed Terence
  1216 | D:2      | Killed Terence
  1296 | D:2      | Reached XP level 4. HP: 39/40 MP: 3/3
  1666 | D:3      | Reached skill level 4 in Axes
  1666 | D:3      | Reached XP level 5. HP: 45/47 MP: 4/4
  2032 | D:2      | Noticed Robin
  2065 | D:2      | Killed Robin
  2788 | D:4      | Found a sparkling altar of Nemelex Xobeh.
  2821 | D:5      | Entered Level 5 of the Dungeon
  2838 | D:4      | Reached skill level 5 in Fighting
  2838 | D:4      | Reached skill level 5 in Axes
  2838 | D:4      | Reached skill level 5 in Armour
  2838 | D:4      | Reached skill level 5 in Shields
  2838 | D:4      | Reached XP level 6. HP: 43/56 MP: 5/5
  3228 | D:5      | Found a staircase to the Ecumenical Temple.
  3406 | D:4      | Reached skill level 6 in Axes
  3406 | D:4      | Reached XP level 7. HP: 58/61 MP: 6/6
  3739 | D:5      | Found a radiant altar of Vehumet.
  3740 | D:5      | Found a hazy altar of Hepliaklqana.
  3746 | D:5      | Found an iron altar of Okawaru.
  3749 | D:5      | Found a basalt altar of Yredelemnul.
  4024 | D:5      | Reached skill level 7 in Axes
  4118 | D:5      | Reached XP level 8. HP: 63/70 MP: 7/7
  4159 | Temple   | Entered the Ecumenical Temple
  4190 | Temple   | Became a worshipper of Trog the Wrathful
  4564 | D:6      | Reached skill level 8 in Axes
  4836 | D:6      | Found a blossoming altar of Fedhas.
  4917 | D:6      | Reached * piety under Trog
  5108 | D:6      | Noticed Blork the orc
  5118 | D:6      | Killed Blork the orc
  5119 | D:6      | Reached skill level 9 in Axes
  5173 | D:6      | Reached XP level 9. HP: 73/79 MP: 8/8
  5828 | D:7      | Reached skill level 10 in Axes
  5962 | D:7      | Found a transporter.
  5999 | D:7      | Noticed Prince Ribbit
  6002 | D:7      | Killed Prince Ribbit
  6066 | D:7      | Noticed a troll
  6126 | D:7      | Found a transporter.
  6127 | D:7      | Noticed Menkaure
  7207 | D:8      | Noticed Amaemon
  7209 | D:8      | Noticed a two-headed ogre
  7216 | D:8      | Demolished by a two-headed ogre

Illustrated notes

Levels and vault maps discovered:
D:1:      beargit_arrival_greenhouse, layout_basic,
          ebering_ecumenical_altar_hall
D:2:      layout_loops_ring, uniq_robin, uniq_terence
D:3:      layout_basic
D:4:      layout_loops_ring, nemelex_xobeh_ov_fountains_minmay, kennysheep_nub
D:5:      layout_basic, mainiacjoe_overflow_alcove_3,
          minmay_temple_entry_junction, st_stairs_13
D:6:      kennysheep_steamy, layout_cave_pools, fedhas_altar_4,
          uniq_blork_the_orc
D:7:      gammafunk_beogh_shrine, layout_loops_ring, st_stairs_5,
          nrook_campfire, uniq_menkaure, uniq_prince_ribbit1
D:8:      layout_loops_ring, serial_shops, shop, nicolae_shop_firing_range,
          uniq_amaemon
Temple:   eino_narrow_crystal_temple

Skill      XL: |  1  2  3  4  5  6  7  8  9 |
---------------+----------------------------+-----
Fighting       | 4 5 6 7 8 |  8.5
Axes           | 3 4 5 6 7 9 10 | 10.9
Armour         | 4 5 6 7 8 |  8.5
Shields        | 4 5 6 7 8 |  8.6

Action                   |  1- 3 |  4- 6 |  7- 9 || total
-------------------------+-------+-------+-------++-------
Melee: War axe           |    58 |   139 |   257 ||   454
       Headbutt          |     8 |    12 |    41 ||    61
  Use: Scroll            |       |     1 |     2 ||     3
       Potion            |       |       |     2 ||     2
Armor: Scale mail        |    22 |    88 |   189 ||   299
Dodge: Dodged            |    31 |    68 |   119 ||   218
Block: Buckler           |    19 |    32 |    71 ||   122
